 Dungeon Crawl Stone Soup version 0.29.0-13-gc9e81de378 (webtiles) character file.

Game seed: 13326970899268721154

60 Malachi the Slasher (level 3, 0/27 HPs)
             Began as a Demonspawn Gladiator on Sept 8, 2022.
             Slain by a hobgoblin (3 damage)
             ... on level 2 of the Dungeon.
             The game lasted 00:02:00 (1166 turns).

Malachi the Slasher (Demonspawn Gladiator)          Turns: 1166, Time: 00:02:01

Health: 0/27       AC:  6    Str: 14    XL:     3   Next: 80%
Magic:  3/3        EV: 10    Int:  9    God:
Gold:   86         SH:  0    Dex: 16    Spells: 2/2 levels left

rFire   . . .      SeeInvis .   a - +0 long sword
rCold   . . .      Faith    .   (no shield)
rNeg    . . .      Spirit   .   g - +0 scale mail
rPois   .          Reflect  .   (helmet restricted)
rElec   .          Harm     .   (no cloak)
rCorr   .          Rampage  .   (no gloves)
Will    .....                   (no boots)
Stlth   ..........              (no amulet)
HPRegen 0.09/turn               (no ring)
MPRegen 0.08/turn               (no ring)

@: no status effects
A: antennae 2
a: no special abilities


You were on level 2 of the Dungeon.
You visited 1 branch of the dungeon, and saw 2 of its levels.

You collected 86 gold pieces.

Inventory:

Hand Weapons
 a - a +0 long sword (weapon)
Missiles
 d - 3 throwing nets (quivered)
 e - a javelin
Armour
 c - a +0 helmet
 g - a +0 scale mail (worn)
Scrolls
 f - a scroll of summoning {unknown}
Potions
 b - a potion of curing


   Skills:
 - Level 2.0 Fighting
 + Level 4.3 Long Blades
 - Level 1.7 Throwing
 - Level 2.6 Dodging


You had 2 spell levels left.
You didn't know any spells.
Your spell library was empty.

Dungeon Overview and Level Annotations

Branches:
Dungeon (2/15)

Altars:

Shops:
D:1 !(((


Innate Abilities, Weirdness & Mutations

You have a pair of antennae on your head.


Message History

The orc attacks as you move away! The orc hits you with a +0 flail.
* * * LOW HITPOINT WARNING * * *
There is a stone staircase leading up here.
The orc attacks as you move away! The orc hits you with a +0 club.
* * * LOW HITPOINT WARNING * * *
Found a scroll labelled HUTEOMOFEI and a brown potion.
The orc attacks as you move away! The orc barely misses you.
A hobgoblin comes into view.
Found a grey potion.
You slash the orc!
You kill the orc!
The orc hits you with a +0 club.
* * * LOW HITPOINT WARNING * * *
You barely miss the orc. The orc hits you but does no damage.
You barely miss the orc. The orc closely misses you.
You hit the orc but do no damage. The orc hits you but does no damage.
You closely miss the orc. The orc hits you with a +0 club.
* * * LOW HITPOINT WARNING * * *
The hobgoblin hits you but does no damage.
You hit the orc.
The orc is heavily wounded.
The orc hits you with a +0 club.
* * * LOW HITPOINT WARNING * * *
The hobgoblin hits you.
* * * LOW HITPOINT WARNING * * *
You hit the orc.
The orc is almost dead.
The orc hits you but does no damage. The hobgoblin barely misses you.
The orc closely misses you.
The hobgoblin hits you but does no damage.
You hit the orc.
You kill the orc!
The hobgoblin closely misses you.
You hit the hobgoblin.
The hobgoblin is severely wounded.
The hobgoblin hits you but does no damage.
You closely miss the hobgoblin.
The hobgoblin is severely wounded.
The hobgoblin hits you.
You die...

### #.. .## #.....#
...## #.##..
.....##....# .
...........## ..
.......)....# ####..#
........<>..# .......
............##......!
........).<.)@g......
.....##...###........
...# ##### ##.......
.. ....... # .......
.?..... .....!.
#######


You could see a hobgoblin.

Vanquished Creatures
  An orc priest (D:2)
  2 orcs (D:2)
  3 ball pythons (D:1)
  4 endoplasms
  2 goblins
  3 hobgoblins (D:1)
  2 kobolds (D:1)
  2 quokkas (D:1)
  A bat (D:1)
  4 frilled lizards (D:1)
  3 rats (D:1)
27 creatures vanquished.

Notes
Turn   | Place    | Note
-------+----------+-------------------------------------------
     0 | D:1      | Malachi the Demonspawn Gladiator began the quest for the
                  | Orb.
     0 | D:1      | Reached XP level 1. HP: 16/16 MP: 1/1
   138 | D:1      | Found Ylof's Distillery.
   228 | D:1      | Reached skill level 3 in Long Blades
   240 | D:1      | Found Tootwyth's Antique Weapon Boutique.
   271 | D:1      | Gained mutation: You have a pair of small antennae on your
                  | head. [demonic ancestry]
   271 | D:1      | Reached XP level 2. HP: 22/22 MP: 2/2
   271 | D:1      | Found Zoquelam's Weapon Emporium.
   327 | D:1      | Found Fozeupil's Weapon Shoppe.
  1152 | D:2      | Reached skill level 4 in Long Blades
  1152 | D:2      | Gained mutation: You have a pair of antennae on your head.
                  | [demonic ancestry]
  1152 | D:2      | Reached XP level 3. HP: 9/27 MP: 3/3
  1166 | D:2      | Slain by a hobgoblin

Illustrated notes

Levels and vault maps discovered:
D:1:      amcnicky_arrival_feature_with_door, layout_rooms, serial_shops, shop,
          shop, nicolae_diamond_shop, nicolae_shop_statue_plus,
          amethyst_killhole, wander_ebering_terrifying_dragon_lair
D:2:      layout_rooms, serial_shops, nicolae_shop_crystal,
          minmay_split_cup_small

Skill      XL: |  1  2 |
---------------+-------+-----
Long Blades    | 3 4 |  4.3
Fighting       | |  2.0
Throwing       | |  1.7
Dodging        | |  2.6

Action                   || total
-------------------------++-------
Melee: Long sword        ||    81
  Use: Potion            ||     1
Armor: Scale mail        ||    42
Dodge: Dodged            ||    60
